 Dungeon Crawl Stone Soup version 0.23.2-1-ga50397a6bc (webtiles) character file.

Game seed: 14579647181558642169

2450 jaak the Cleaver (level 9, 55/67 (68) HPs)
             Began as a Demonspawn Berserker on May 2, 2019.
             Was an Elder of Trog.
             Starved to death
             ... while paralysed
             ... on level 8 of the Dungeon.
             The game lasted 00:36:26 (10466 turns).

jaak the Cleaver (Demonspawn Berserker)            Turns: 10466, Time: 00:36:26

HP:   55/67 (68)    AC: 17    Str: 19    XL:     9   Next: 25%
MP:   9/9           EV:  2    Int: 10    God:    Trog [****..]
Gold: 323           SH:  0    Dex: 13    Spells: 8/8 levels left

rFire    . . .     SeeInvis .   T - +0 battleaxe
rCold    + . .     Gourm    .   (shield currently unavailable)
rNeg     . . .     Faith    .   U - +0 plate armour
rPois    .         Spirit   .   (no helmet)
rElec    .         Reflect  .   (no cloak)
rCorr    .         Harm     .   M - +0 pair of gloves
MR       .....                  (boots unavailable)
Stlth    ..........             (no amulet)
HPRegen  0.21/turn              (no ring)
MPRegen  0.11/turn              (no ring)

@: paralysed, fainting
A: talons 3, icy blue scales 2, cold resistance 1
a: Berserk, Trog's Hand, Brothers in Arms, Renounce Religion


You were on level 8 of the Dungeon.
You worshipped Trog.
Trog was greatly pleased with you.
You were fainting.

You visited 1 branch of the dungeon, and saw 8 of its levels.

You collected 323 gold pieces.

Inventory:

Hand Weapons
 a - a +0 hand axe
 f - a +0 short sword
 h - a +0 whip
 i - a +0 mace
 k - a +0 club
 r - a +2 dagger of venom
 t - a +0 hunting sling
 y - a +0 short sword
 G - a +0 war axe
 P - a +0 great sword
 R - the +2 hunting sling of Glory {speed, MR+ SInv, unknown}
   (You found it on level 5 of the Dungeon)

   Attacks with this weapon are significantly faster.
   It affects your resistance to hostile enchantments.
   It lets you see invisible.
 S - a +2 dagger of protection
 T - a +0 battleaxe (weapon)
 Y - a +4 shortbow
Missiles
 q - 93 arrows
Armour
 b - a +0 animal skin
 e - a +0 robe
 l - a +0 robe
 p - a +0 ring mail
 u - a +0 ring mail
 v - a +0 chain mail
 F - a +0 pair of boots
 H - a +0 leather armour
 L - a +0 chain mail
 M - a +0 pair of gloves (worn)
 Q - a +0 ring mail
 U - a +0 plate armour (worn)
 V - a +0 large shield
Jewellery
 g - an uncursed ring of see invisible {unknown}
 E - a cursed +2 ring of slaying {unknown}
 N - an uncursed ring of positive energy {unknown}
Wands
 O - a wand of digging (4)
 W - a wand of random effects (12)
Scrolls
 d - 2 scrolls of blinking {unknown}
 j - a scroll of enchant weapon {unknown}
 m - 6 scrolls of identify {unknown}
 n - 2 scrolls of amnesia {unknown}
 w - 2 scrolls of magic mapping {unknown}
 x - 3 scrolls of remove curse {unknown}
 C - 3 scrolls of fear {unknown}
 D - a scroll of enchant armour {unknown}
 I - 4 scrolls of teleportation {unknown}
 X - a scroll of immolation {unknown}
Potions
 o - 3 potions of lignification {unknown}
 s - a potion of heal wounds {unknown}
 z - 4 potions of curing {unknown}
 A - a potion of cancellation {unknown}
 B - a potion of might {unknown}
 J - a potion of agility {unknown}
 K - a potion of flight {unknown}


   Skills:
 + Level 5.5 Fighting
 + Level 8.7 Axes
 + Level 6.3 Armour
 + Level 3.0 Dodging
 + Level 1.2 Stealth


You had 8 spell levels left.
You didn't know any spells.
Your spell library was empty.

Dungeon Overview and Level Annotations

Branches:
Dungeon (8/15)             Temple (0/1) D:7
   Lair: D:8-11

Altars:
Ashenzari
Dithmenos
Kikubaaqudgha
Nemelex Xobeh
Okawaru
Sif Muna
Yredelemnul
Zin


Innate Abilities, Weirdness & Mutations

You have claws for feet.
You are mostly covered in icy blue scales. (AC +3)
Your flesh is cold resistant. (rC+)


Message History

The hungry ghost is severely damaged.
The hungry ghost hits you.
You feel slightly more hungry. The hungry ghost barely misses you.
You slash the hungry ghost!
The hungry ghost is almost destroyed.
The hungry ghost barely misses you.
You closely miss the hungry ghost.
The hungry ghost is almost destroyed.
The hungry ghost hits you.
You feel slightly more hungry.
You closely miss the hungry ghost. Your kick misses the hungry ghost.
The hungry ghost is almost destroyed.
The hungry ghost barely misses you.
You miss the hungry ghost.
The hungry ghost is almost destroyed.
You lose consciousness!
The hungry ghost hits you.
You feel slightly more hungry. The hungry ghost hits you.
You feel slightly more hungry. The hungry ghost hits you.
You have starved to death.
You die...

#≈._.≈# ....
#≈#§#≈# .....
#§≈§§≈# ##>...#
###'### ...#..
#.#
########..)..
#.#
#.........##.##
#.#
#..............
#.#####...W....#
#........@######
#####.....#
#....## #....#
#....# #....#
######


You could see a hungry ghost.

Vanquished Creatures
  2 ice beasts
  A sky beast (D:5)
  3 orc warriors
  A phantom (D:4)
  A necrophage (D:6)
  A centaur (D:6)
  3 ogres
  The ghost of voshxz the Caller, an amateur DESu of Kikubaaqudgha (D:3)
  2 bullfrogs (D:6)
  2 water moccasin skeletons
  A bullfrog zombie (D:6)
  5 crimson imps
  5 hounds
  A jelly (D:7)
  2 centaur zombies
  4 orc priests
  An iguana (D:5)
  3 orc wizards
  Natasha (D:2)
  4 worker ants
  2 hound skeletons
  A howler monkey zombie (D:5)
  2 worker ant zombies (D:6)
  10 adders
  4 adder zombies
  An adder skeleton (D:6)
  3 worms
  A dart slug (D:1)
  8 leopard geckos
  22 orcs
  5 giant cockroaches
  8 goblins
  9 hobgoblins
  8 jackals
  A quokka (D:6)
  2 ball pythons
  10 bats
  8 frilled lizards
  A jackal skeleton (D:4)
  A jackal zombie (D:7)
  10 kobolds
  8 rats
169 creatures vanquished.

Notes
Turn   | Place    | Note
-------+----------+-------------------------------------------
     0 | D:1      | jaak the Demonspawn Berserker began the quest for the Orb.
     0 | D:1      | Reached XP level 1. HP: 18/18 MP: 1/1
   312 | D:1      | Reached skill level 3 in Axes
   482 | D:1      | Gained mutation: You have sharp toenails. [demonic
                  | ancestry]
   482 | D:1      | Reached XP level 2. HP: 21/24 MP: 2/2
  1547 | D:1      | Gained mutation: You are partially covered in icy blue
                  | scales. (AC +2) [demonic ancestry]
  1547 | D:1      | Reached XP level 3. HP: 28/29 MP: 3/3
  1662 | D:1      | Reached ** piety under Trog
  2173 | D:2      | Found an ancient bone altar of Kikubaaqudgha.
  2294 | D:2      | Gained mutation: Your flesh is cold resistant. (rC+)
                  | [demonic ancestry]
  2294 | D:2      | Reached XP level 4. HP: 26/35 MP: 4/4
  2519 | D:2      | Found a shattered altar of Ashenzari.
  2684 | D:2      | Noticed Natasha
  2694 | D:2      | Killed Natasha
  3333 | D:3      | Found a runed translucent door.
  3333 | D:3      | Noticed voshxz's ghost (amateur DESu)
  3386 | D:3      | Found a basalt altar of Yredelemnul.
  3506 | D:3      | Killed voshxz's ghost
  3506 | D:3      | Reached skill level 4 in Axes
  3506 | D:3      | Reached XP level 5. HP: 40/41 MP: 5/5
  3615 | D:3      | Noticed an ice beast
  3635 | D:3      | Killed an ice beast
  3635 | D:3      | Gained mutation: You have razor-sharp toenails. [demonic
                  | ancestry]
  3635 | D:3      | Reached XP level 6. HP: 29/48 MP: 6/6
  3771 | D:3      | Found a shadowy altar of Dithmenos.
  3979 | D:3      | Found an iron altar of Okawaru.
  5047 | D:4      | Reached skill level 5 in Axes
  5616 | D:4      | Found a sparkling altar of Nemelex Xobeh.
  6083 | D:4      | Gained mutation: You have claws for feet. [demonic
                  | ancestry]
  6083 | D:4      | Reached XP level 7. HP: 54/54 MP: 7/7
  6444 | D:5      | Entered Level 5 of the Dungeon
  6447 | D:5      | Reached *** piety under Trog
  6833 | D:5      | Reached skill level 6 in Axes
  6962 | D:5      | Reached skill level 1 in Stealth
  7009 | D:5      | Found a deep blue altar of Sif Muna.
  7363 | D:5      | Got a steaming hunting sling
  7573 | D:6      | Gained mutation: You are mostly covered in icy blue scales.
                  | (AC +3) [demonic ancestry]
  7573 | D:6      | Reached XP level 8. HP: 50/61 MP: 8/8
  7651 | D:6      | Reached skill level 5 in Armour
  7657 | D:6      | Reached skill level 7 in Axes
  8438 | D:6      | Reached skill level 5 in Fighting
  9324 | D:6      | Reached skill level 8 in Axes
  9750 | D:7      | Found a glowing silver altar of Zin.
  9761 | D:7      | Reached XP level 9. HP: 67/67 MP: 9/9
  9970 | D:7      | Reached **** piety under Trog
 10176 | D:7      | Found a staircase to the Ecumenical Temple.
 10378 | D:8      | Found an iron altar of Okawaru.
 10429 | D:8      | Paralysed by fainting for 9 turns
 10464 | D:8      | Paralysed by fainting for 5 turns
 10466 | D:8      | Starved to death

Skill      XL: |  1  2  3  4  5  6  7  8 |
---------------+-------------------------+-----
Axes           | 3 4 5 6 8 |  8.7
Dodging        | 2 3 |  3.0
Armour         | 2 3 4 6 |  6.3
Fighting       | 4 5 |  5.5
Stealth        | 1 |  1.2

Action                   |  1- 3 |  4- 6 |  7- 9 || total
-------------------------+-------+-------+-------++-------
Melee: Hand axe          |   128 |   178 |       ||   306
       Kick              |    24 |    27 |    93 ||   144
       War axe           |       |   115 |   125 ||   240
       Short sword       |       |    16 |       ||    16
       Battleaxe         |       |       |   187 ||   187
Invok: Berserk           |     1 |     1 |     1 ||     3
       Trog's Hand       |       |     3 |       ||     3
 Stab: Sleeping          |     1 |       |       ||     1
  Eat: Chunk             |     3 |     5 |     2 ||    10
       Ration            |     1 |     3 |     6 ||    10
Armor: Animal skin       |     7 |       |       ||     7
       Ring mail         |    33 |    12 |       ||    45
       Robe              |     2 |       |       ||     2
       Chain mail        |       |   205 |    61 ||   266
       Plate armour      |       |       |   190 ||   190
Dodge: Dodged            |    97 |   179 |   139 ||   415
